 Dungeon Crawl Stone Soup version 0.24-a0-275-g6f7e2cb (webtiles) character file.

Game seed: 5970409582876525315

48 HallandMoats the Skirmisher (level 3, -3/29 HPs)
             Began as a Demonspawn Monk on Apr 27, 2019.
             Engulfed by a cloud of flame (20 damage)
             ... on level 2 of the Dungeon.
             The game lasted 00:01:45 (1492 turns).

HallandMoats the Skirmisher (Demonspawn Monk)       Turns: 1492, Time: 00:01:45

Health: -3/29      AC:  4    Str: 12    XL:     3   Next: 50%
Magic:  3/3        EV: 15    Int: 11    God:
Gold:   44         SH:  0    Dex: 15    Spells: 2/2 levels left

rFire    . . .     SeeInvis .   a - +0 mace
rCold    . . .     Gourm    .   (no shield)
rNeg     . . .     Faith    .   d - +0 leather armour
rPois    .         Spirit   .   (helmet restricted)
rElec    .         Reflect  .   g - +0 cloak
rCorr    .         Harm     .   (no gloves)
MR       +....                  (no boots)
Stlth    ++........             (no amulet)
HPRegen  0.09/turn              l - ring of protection from magic
MPRegen  0.08/turn              (no ring)

@: no status effects
A: antennae 1, repulsion field 1
a: no special abilities


You were on level 2 of the Dungeon.
You were not hungry.

You visited 1 branch of the dungeon, and saw 2 of its levels.

You collected 44 gold pieces.

Inventory:

Hand Weapons
 a - a +0 mace (weapon)
Armour
 d - a +0 leather armour (worn)
 g - a +0 cloak (worn)
Jewellery
 l - a ring of protection from magic (left hand)
Scrolls
 e - a scroll of remove curse {unknown}
 f - a scroll of immolation {unknown}
 i - a scroll of enchant weapon {unknown}
 j - a scroll of magic mapping {unknown}
 m - 2 scrolls of identify {unknown}
 n - a scroll of teleportation {unknown}
Potions
 h - a potion of agility {unknown}
 k - 2 potions of might {unknown}
 o - a potion of curing {unknown}
Comestibles
 b - 5 chunks of flesh
 c - 3 rations


   Skills:
 + Level 3.4 Fighting
 + Level 3.1 Maces & Flails
 + Level 1.2 Armour
 + Level 3.1 Dodging
 - Level 1.7 Stealth


You had 2 spell levels left.
You didn't know any spells.
Your spell library was empty.

Dungeon Overview and Level Annotations

Branches:
Dungeon (2/15)

Altars:
Vehumet


Innate Abilities, Weirdness & Mutations

You have a pair of small antennae on your head.
You are surrounded by a mild repulsion field. (EV +2)


Message History

Found a leather armour.
You see here a leather armour.
Found a stone staircase leading down.
o - a viscous silvery potion You now have 44 gold pieces (gained 8).
Found a stone staircase leading down.
Found 15 arrows.
Found a stone staircase leading up.
There is a stone staircase leading up here.
Found 15 stones.
You see here 15 stones.
Found a radiant altar of Vehumet.
Found 21 bolts.
Really walk into a travel-excluded area? [Y]es or [N]o only, please.
Really walk into a travel-excluded area? [Y]es or [N]o only, please.
Really walk into a travel-excluded area?
You are engulfed in blazing flames.
Ouch! That really hurt!
You die...

##.###.#.#######
#.# #.#........
###.#
#.#.#######
....###.#.#
#.......# ####
##.###(###
###^..###...##.#
........§......#
##.☼°@....####
#.§○.°#.##
#.○.○.....
#.(....####
#......#
########


There were no monsters in sight!

Vanquished Creatures
  2 adders (D:2)
  A dart slug (D:1)
  2 leopard geckos (D:1)
  2 giant cockroaches (D:1)
  2 goblins (D:1)
  3 hobgoblins
  3 jackals (D:1)
  3 kobolds (D:1)
  2 bats (D:1)
  A frilled lizard (D:1)
  6 rats
27 creatures vanquished.

Vanquished Creatures (others)
  A frilled lizard (D:2)
1 creature vanquished.

Grand Total: 28 creatures vanquished

Notes
Turn   | Place    | Note
-------+----------+-------------------------------------------
     0 | D:1      | HallandMoats the Demonspawn Monk began the quest for the
                  | Orb.
     0 | D:1      | Reached XP level 1. HP: 18/18 MP: 1/1
   461 | D:1      | Gained mutation: You are surrounded by a mild repulsion
                  | field. (EV +2) [demonic ancestry]
   461 | D:1      | Reached XP level 2. HP: 24/24 MP: 2/2
  1016 | D:1      | Reached skill level 1 in Armour
  1321 | D:2      | Gained mutation: You have a pair of small antennae on your
                  | head. [demonic ancestry]
  1321 | D:2      | Reached XP level 3. HP: 25/29 MP: 3/3
  1486 | D:2      | Found a radiant altar of Vehumet.
  1492 | D:2      | Engulfed by a cloud of flame

Levels and vault maps discovered:
D:1:      tarquinn_simple_flora_water_d, layout_basic, minmay_misc_feat_hallway,
          minmay_misc_feat_enclosed, lemuel_another_geyser
D:2:      layout_loops_ring, fiery_altar_vehumet, lemuel_coloured_pillars_altar,
          minmay_misc_feat_chi

Skill      XL: |  1  2 |
---------------+-------+-----
Armour         | 1 |  1.2
Maces & Flails | 3 |  3.1
Dodging        | 3 |  3.1
Fighting       | |  3.4
Stealth        | |  1.7

Action                   || total
-------------------------++-------
Melee: Mace              ||    95
 Stab: Sleeping          ||     3
  Eat: Chunk             ||     2
Armor: Robe              ||    13
       Leather armour    ||     6
Dodge: Dodged            ||    88

Table legend:
 A = Non-vault XP
 B = Vault XP
 C = Vault XP percentage of total XP
 D = Non-vault monster count
 E = Vault monster count
 F = Vault count percentage of total count
                 A         B        C        D         E       F
            +---------+---------+-------+---------+---------+-------
      Total |      69 |       0 |   0.0 |      27 |       0 |   0.0
            +---------+---------+-------+---------+---------+-------
        D:1 |      40 |       0 |   0.0 |      23 |       0 |   0.0
        D:2 |      29 |       0 |   0.0 |       4 |       0 |   0.0
            +---------+---------+-------+---------+---------+-------
